 Dungeon Crawl Stone Soup version 0.31-a0-319-g4fced400ed (webtiles) character file.

Game seed: 5459532485775329087

679 2FriedEggs the Changeling (level 7, -10/43 (45) HPs)
             Began as an Octopode Shapeshifter on July 17, 2023.
             Was an Initiate of Gozag.
             Mangled by a wight
             ... wielding a +0 great sword
              (16 damage)
             ... on level 5 of the Dungeon.
             The game lasted 00:08:16 (3872 turns).

2FriedEggs the Changeling (Octopode Shapeshifter)   Turns: 3872, Time: 00:08:16

HP:   -10/43 (45)   AC:  1    Str: 16    XL:     7   Next: 60%
MP:   7/7           EV: 13    Int: 11    God:    Gozag
Gold: 546           SH:  0    Dex: 12    Spells: 6/6 levels left

rFire   . .          .
                       - Unarmed
rCold   . . .        (no shield)
rNeg    . . .        (helmet currently unavailable)
rPois   .            (no amulet)
rElec   .            (no ring)
rCorr   .            (no ring)
SInv    .            (no ring)
Will    .....        (no ring)
Stlth   ++           (no ring)
HPRegen 0.27/turn    (no ring)
MPRegen 0.10/turn    (no ring)
                     (no ring)

%: no passive effects
@: beast-form, gold aura, lightly drained
A: beast (slay +4), almost no armour, amphibious, 8 rings, camouflage 1,
gelatinous body 1, (nimble swimmer 1), tentacles
a: Begin Untransformation, Renounce Religion, Potion Petition, Call Merchant,
Bribe Branch


You were on level 5 of the Dungeon.
You worshipped Gozag.
Gozag was pleased with you.
You were a hulking beast.
You visited 1 branch of the dungeon, and saw 5 of its levels.

You collected 546 gold pieces.

Inventory:

Missiles
 v - a throwing net
Talismans
 b - a beast talisman
Scrolls
 e - a scroll of fear
 f - 2 scrolls of noise
 o - a scroll of brand weapon
Potions
 a - a potion of lignification
 c - a potion of mutation {unknown}
 g - 3 potions of brilliance {unknown}
 h - a potion of berserk rage {unknown}
 i - a potion of enlightenment {unknown}
 j - 2 potions of curing {unknown}
 k - a potion of resistance {unknown}
 l - a potion of magic {unknown}
 n - a potion of heal wounds {unknown}
 r - a potion of degeneration {unknown}
 u - a potion of ambrosia {unknown}


   Skills:
 + Level 2.6 Fighting
 - Level 2.0 Dodging
 + Level 4.8 Unarmed Combat
 * Level 6.1 Shapeshifting


You had 6 spell levels left.
You didn't know any spells.
Your spell library contained the following spells:

 Spells                   Type           Power      Damage    Failure   Level
 Magic Dart               Conj           0%         1d3       34%         1
 Call Imp                 Summ           0%         N/A       47%         2
 Mephitic Cloud           Conj/Pois/Air  0%         N/A       71%         3


Dungeon Overview and Level Annotations

Branches:
Dungeon (5/15)             Temple (0/1) D:5

Altars:
Gozag
Qazlal
Wu Jian

Annotations:
D:4 1 runed translucent door, mwobee's ghost, weakling DjHW


Innate Abilities, Weirdness & Mutations

You are a hulking beast.
Your limbs bulge with bestial killing power. (Slay +4)
You cannot wear most types of armour.
You are amphibious.
You can wear up to eight rings at the same time.
Your skin changes colour to match your surroundings (Stealth+).
Your rubbery body absorbs attacks. (AC +1, EV +1)
((You are camouflaged when in or above water. (Stealth+)))
You have tentacles for arms and can constrict up to eight enemies at once.


Message History

The wight closely misses you.
You tentacle-slap the wight.
You destroy the wight!
Your Shapeshifting skill increases to level 6!
You bludgeon the wight! You grab the wight.
The wight is heavily damaged.
You constrict the wight. The wight hits you with a +3 hand axe.
You feel drained.
You completely miss the wight.
The wight is heavily damaged.
You constrict the wight, but do no damage.
The wight hits you with a +3 hand axe!
You tentacle-slap the wight but do no damage.
You squeeze the wight, but do no damage.
The wight is heavily damaged.
You constrict the wight. The wight completely misses you.
You tentacle-slap the wight.
You squeeze the wight, but do no damage.
The wight is severely damaged.
You constrict the wight.
You destroy the wight!
Your life force feels restored.
You tentacle-slap the wight. You grab the wight.
The wight is moderately damaged.
You constrict the wight, but do no damage.
The wight closely misses you.
You tentacle-slap the wight.
You squeeze the wight, but do no damage.
The wight is severely damaged.
You constrict the wight.
The wight hits you with a +0 great sword!
* * * LOW HITPOINT WARNING * * *
You feel drained.
* * * LOW HITPOINT WARNING * * *
You tentacle-slap the wight but do no damage.
The wight is severely damaged.
You constrict the wight.
The wight hits you with a +0 great sword!
You die...
Your body crumbles into a pile of gold.

**,***,***####.####...### *,**
**,* ####.##.....### *,* *,*
####........### *,**
**,######..#.##)####
**,***,*#........>...#
,,,,,,***.....#.#....### ,,,,,**
*.....#.####...#*# **,*,*
*....,#.####.#...#***** **,*,*
*,..,,#.hz.........,,,*
*,,*,******,**#####.#.#.#.#,*,*
*,**,*,,,,,,**,,,**........,,,*
,,,,,,,,,,,,,,,,,*#.#......,*,*
,,,,,,,,,,,,,,*,,,,.......,,,,*
,,,,,,^,,,,,**,,,,,.#...>.,,*,***
*,,,,,,,,,,*,*,,*,,.......,,,,,,*
,**,,,,,,**,*,,,,,,.#z....,,*,,,,
**$*,,,,*,**,,,,**,,,,,,,,,,,,***


You could see a wight.

Vanquished Creatures
  2 phantoms
  A scorpion (D:3)
  3 wights (D:5)
  A jelly (D:4)
  A hound (D:5)
  A sleepcap (D:4)
  Robin (D:4)
  4 gnolls (D:2)
  4 adders
  An ufetubus (D:4)
  5 worms
  2 dart slugs
  5 orcs
  8 ball pythons
  6 bats
  10 endoplasms
  4 giant cockroaches
  16 goblins
  12 hobgoblins
  7 jackals
  9 kobolds
  4 quokkas
  2 frilled lizards (D:1)
  7 rats
116 creatures vanquished.

Notes
Turn   | Place    | Note
-------+----------+-------------------------------------------
     0 | D:1      | 2FriedEggs the Octopode Shapeshifter began the quest for
                  | the Orb.
     0 | D:1      | Reached XP level 1. HP: 14/14 MP: 1/1
   147 | D:1      | Reached XP level 2. HP: 1/19 MP: 2/2
   539 | D:1      | Reached XP level 3. HP: 19/24 MP: 3/3
  1119 | D:2      | Reached XP level 4. HP: 29/29 MP: 4/4
  1123 | D:2      | Identified the +2 leather armour "Esogyf" {rN++ Str-2
                  | Dex+5}
  1331 | D:2      | Reached skill level 4 in Shapeshifting
  1445 | D:2      | Found a stormy altar of Qazlal.
  1576 | D:2      | Reached XP level 5. HP: 30/34 MP: 5/5
  1906 | D:3      | Found a faded altar of an unknown god.
  1982 | D:3      | Prayed at the altar of an unknown god.
  1982 | D:3      | Became a worshipper of Gozag Ym Sagoz the Greedy
  2755 | D:4      | Reached XP level 6. HP: 36/39 MP: 6/6
  2770 | D:4      | Reached skill level 5 in Shapeshifting
  2837 | D:4      | Noticed mwobee's ghost (weakling DjHW)
  3001 | D:4      | Found a runed translucent door.
  3236 | D:4      | Noticed Robin
  3253 | D:4      | Killed Robin
  3333 | D:4      | Found an ornate altar of the Wu Jian Council.
  3615 | D:5      | Entered Level 5 of the Dungeon
  3661 | D:5      | Noticed an ice beast
  3743 | D:5      | Reached XP level 7. HP: 31/45 MP: 7/7
  3854 | D:5      | Found a staircase to the Ecumenical Temple.
  3866 | D:5      | Reached skill level 6 in Shapeshifting
  3872 | D:5      | Mangled by a wight

Illustrated notes

Levels and vault maps discovered:
D:1:      elethiomel_arrival_infinity_welcomes_careful_drivers,
          layout_loops_corners
D:2:      layout_loops_cross, basic_altar, minmay_tetromino_s4
D:3:      minmay_octagon_keep, layout_basic,
          shapermc_ecumenical_altar_mp_ritualfount, due_unseen_surprise
D:4:      layout_basic, lemuel_coloured_pillars_altar,
          hellmonk_ghost_happy_afterlife, uniq_robin
D:5:      layout_loops_cross, minmay_temple_entry_glass,
          minmay_misc_feat_secret_circle

Skill      XL: |  1  2  3  4  5  6  7 |
---------------+----------------------+-----
Shapeshifting  | 4 5 6 |  6.1
Unarmed Combat | 3 4 |  4.8
Fighting       | |  2.6
Dodging        | |  2.0

Action                     |  1- 3 |  4- 6 |  7- 9 || total
---------------------------+-------+-------+-------++-------
  Melee: Unarmed           |    61 |   173 |    15 ||   249
         Tentacles         |    15 |    36 |     6 ||    57
         Constrict         |    17 |    33 |     5 ||    55
         Punch             |       |     4 |     1 ||     5
    Use: Potion            |       |     1 |       ||     1
         Scroll            |       |     1 |     7 ||     8
   Stab: Sleeping          |     5 |    11 |       ||    16
 Armour: Skin              |     2 |    36 |       ||    38
  Dodge: Dodged            |    40 |    57 |     6 ||   103

Table legend: (Time is in decaauts)
 A = Elapsed time spent in this place.
 B = Non-inter-level travel time spent in this place.
 C = Inter-level travel time spent in this place.
 D = Time resting spent in this place.
 E = Time spent auto-exploring this place.
 F = Levels seen in this place.
 G = Mean time per level.
                   A        B        C        D        E       F      G
               +--------+--------+--------+--------+--------+-----+--------+
         Total |   3856 |   3731 |    125 |    207 |   2744 |   5 |  771.2 |
       Dungeon |   3856 |   3731 |    125 |    207 |   2744 |   5 |  771.2 |
               +--------+--------+--------+--------+--------+-----+--------+

Top non-repeatable levels by time:
     D:1: 1032 daAuts
     D:4: 981 daAuts
     D:3: 934 daAuts
     D:2: 687 daAuts
     D:5: 220 daAuts
